 Dungeon Crawl Stone Soup version 0.28-a0-706-gf6f64a616a (webtiles) character file.

Game seed: 13634878043489528961

17172 oldriver the Thaumaturge (level 12, -10/76 HPs)
             Began as a Demonspawn Fire Elementalist on Oct 25, 2021.
             Was a Priest of Vehumet.
             Mangled by a catoblepas (11 damage)
             ... while petrified by a catoblepas
             ... on level 12 of the Dungeon.
             The game lasted 00:34:07 (18349 turns).

oldriver the Thaumaturge (DsFE)                    Turns: 18349, Time: 00:34:08

Health: -10/76     AC: 15    Str:  8    XL:     12   Next: 16%
Magic:  28/30      EV:  2    Int: 25    God:    Vehumet [***...]
Gold:   826        SH:  0    Dex: 14    Spells: 25/40 levels left

rFire   + . .      SeeInvis +   c - +3 halberd (protect)
rCold   x . .      Faith    .   (shield currently unavailable)
rNeg    + + +      Spirit   .   a - +1 robe
rPois   ∞          Reflect  .   (no helmet)
rElec   .          Harm     .   (no cloak)
rCorr   .          Rampage  .   D - +0 pair of gloves
Will    .....                   H - +1 pair of boots
Stlth   ++........              (no amulet)
HPRegen 0.22/turn               t - ring of fire
MPRegen 0.22/turn               j - ring of Herraobojenn {Fly EV+4 Int+3 SInv}

@: petrified, sanguine armoured, flying
A: hooves 2, foul stench 2, powered by death 1, augmentation 1, sanguine armour
2
a: Renounce Religion


You were on level 12 of the Dungeon.
You worshipped Vehumet.
Vehumet was most pleased with you.
You visited 1 branch of the dungeon, and saw 12 of its levels.

You collected 826 gold pieces.

Inventory:

Hand Weapons
 c - a +3 halberd of protection (weapon)
Missiles
 b - a throwing net
Armour
 a - a +1 robe (worn)
 u - the +4 ring mail of Untruth {Will+ Str+4}
   (You found it on level 8 of the Dungeon)

   Str:       It affects your strength (+4).
   Will:      It increases your willpower.
 D - a +0 pair of gloves (worn)
 H - a +1 pair of boots (worn)
Jewellery
 i - a +6 ring of intelligence
 j - the ring of Herraobojenn (right hand) {Fly EV+4 Int+3 SInv}
   (You found it on level 6 of the Dungeon)

   [ring of evasion]

   EV:        It affects your evasion (+4).
   Int:       It affects your intelligence (+3).
   SInv:      It lets you see invisible.
   Fly:       It grants you flight.
 k - a ring of positive energy
 l - a ring of poison resistance
 r - a +4 ring of evasion
 t - a ring of fire (left hand)
Wands
 q - a wand of polymorph (9)
 A - a wand of flame (36)
 B - a wand of iceblast (3)
 E - a wand of acid (10)
Scrolls
 d - a scroll of magic mapping {unknown}
 f - 6 scrolls of teleportation
 g - 7 scrolls of identify
 p - 3 scrolls of vulnerability
 s - 2 scrolls of enchant weapon
 y - a scroll of noise {unknown}
 F - a scroll of enchant armour
Potions
 e - 2 potions of lignification
 h - 4 potions of degeneration
 m - a potion of haste
 n - 2 potions of brilliance
 o - 2 potions of invisibility
 v - a potion of heal wounds
 w - 2 potions of curing
 x - 3 potions of ambrosia
 z - a potion of berserk rage
 C - 2 potions of mutation {unknown}


   Skills:
 + Level 1.1 Fighting
 + Level 1.2 Polearms
 + Level 2.7 Dodging
 + Level 2.9 Stealth
 * Level 14.8 Spellcasting
 + Level 5.3 Conjurations
 + Level 0.1 Transmutations
 + Level 9.5 Fire Magic
 + Level 0.1 Earth Magic


You had 25 spell levels left.
You knew the following spells:

 Your Spells              Type           Power      Damage    Failure   Level
a - Foxfire               Conj/Fire      100%       2x1d9     1%          1
b - Scorch                Fire           100%       2d10      1%          2
c - Conjure Flame         Conj/Fire      70%        6-21      1%          3
d - Flame Wave            Conj/Fire      70%        3d12      1%          4
e - Passwall              Tmut/Erth      15%        N/A       4%          2
f - Stone Arrow           Conj/Erth      64%        3d11      1%          3

Your spell library contained the following spells:

 Spells                   Type           Power      Damage    Failure   Level
 Poisonous Vapours        Pois/Air       36%        N/A       1%          2
 Sandblast                Erth           38%        2d10      1%          1
 Ignite Poison            Fire/Tmut/Pois 51%        N/A       1%          3
 Inner Flame              Hex/Fire       59%        N/A       1%          3
 Sticky Flame             Conj/Fire      70%        2d8       1%          4
 Beastly Appendage        Tmut           38%        N/A       2%          1
 Animate Skeleton         Necr           36%        N/A       3%          1
 Apportation              Tloc           36%        N/A       3%          1
 Summon Small Mammal      Summ           72%        N/A       3%          1
 Wereblood                Tmut           19%        N/A       4%          2
 Spider Form              Tmut/Pois      9%         N/A       9%          3
 Olgreb's Toxic Radiance  Pois           18%        N/A       9%          4
 Alistair's Intoxication  Tmut/Pois      12%        N/A       63%         5
 Borgnjor's Vile Clutch   Necr/Erth      9%         N/A       63%         5
 Ignition                 Fire           39%        3d12      65%         8
 Eringya's Noxious Bog    Tmut/Pois      9%         N/A       71%         6
 Invisibility             Hex            9%         N/A       99%         6
 Ozocubu's Refrigeration  Ice            9%         4d6       99%         7


Dungeon Overview and Level Annotations

Branches:
Dungeon (12/15)            Temple (0/1) D:6            Lair (0/6) D:11
    Orc: D:9-12

Altars:
Cheibriados
Dithmenos
Gozag
Hepliaklqana
Kikubaaqudgha
Makhleb
Nemelex Xobeh
Trog
Vehumet
Xom
Zin

Shops:
D:3 !   D:6 ?   D:10 =

Annotations:
D:3 2 transporters, Sin's ghost, amateur HuCj
D:6 3 runed translucent doors, Atlas's ghost, novice DgCj
D:10 3 runed translucent doors, Cancer's ghost, journeyman GrCj


Innate Abilities, Weirdness & Mutations

You have hoof-like feet.
You sometimes emit foul miasma when damaged in melee.
You regenerate a little health from kills.
Your magical and physical power is slightly enhanced at high health.
When seriously injured, your bleeding wounds create thick armour. (AC +9)


Message History

The catoblepas gores you!!
Your blood congeals into armour.
You emit a cloud of foul miasma!
Unknown command.
Casting: Scorch (safe; 1% risk of failure)
Confirm with . or Enter, or press ? or * to list all spells.
You feel a surge of power!
Flames lash the catoblepas.
The catoblepas is lightly wounded.
The catoblepas's fire resistance burns away.
The catoblepas is engulfed in dark miasma.
The catoblepas is poisoned.
The catoblepas misses you.
Your foxfire dissipates!
The foxfire hits the catoblepas but does no damage.
The catoblepas is lightly wounded.
The foxfire hits the catoblepas but does no damage.
The catoblepas is lightly wounded.
The catoblepas is engulfed in dark miasma.
The catoblepas looks even sicker.
The catoblepas is no longer more vulnerable to fire.
The catoblepas breathes a plume of calcifying dust at you.
The blast of calcifying dust hits you but does no damage.
You are engulfed in calcifying dust.
You are slowing down.
Your limbs are stiffening.
You have turned to stone.
The catoblepas gores you!!
You emit a cloud of foul miasma!
The catoblepas is engulfed in dark miasma.
The catoblepas looks even sicker.
The catoblepas gores you!
The catoblepas is engulfed in dark miasma.
The catoblepas looks even sicker.
The catoblepas gores you!!
* * * LOW HITPOINT WARNING * * *
The catoblepas is engulfed in dark miasma.
The catoblepas looks as sick as possible!
The catoblepas seems to slow down.
The catoblepas gores you!!
* * * LOW HITPOINT WARNING * * *
The catoblepas is engulfed in dark miasma.
The catoblepas looks as sick as possible!
The catoblepas seems to slow down.
The catoblepas gores you!!
* * * LOW HITPOINT WARNING * * *
The catoblepas gores you!!
You die...

### #.....................'..[
..######.....................####
.................................
....###########.....#+####.......
....# #...### #....... ....#
#...# ... #.....## ....# #...#
.... #.....# ....###########...#
.... #.....#
................@.#..... #.....#
..............†.Y.#..... #.....#
..#####...#####...÷.....
..#H..##.##..H#..(#...[.
..#.$≈≈###≈≈$.#.÷.#.....
..#.≈..≈.≈..≈.#...# .... .
#≈.......≈##.).# ...
..##≈.≈≈≈.≈##....# ...
......≈<≈........#


You could see a catoblepas (extremely poisoned, slow).

Vanquished Creatures
  2 boulder beetles (D:11)
  A catoblepas (D:12)
  Erica (D:8)
  5 two-headed ogres
  Pikel (D:4)
  A cyclops (D:12)
  A manticore (D:12)
  A moth of wrath (D:10)
  2 unseen horrors
  Maggie (D:8)
  A gargoyle (D:12)
  A komodo dragon (D:12)
  A queen bee (D:11)
  4 trolls (D:11)
  Prince Ribbit (D:5)
  3 slime creatures (D:12)
  A basilisk (D:12)
  2 water elementals (D:11)
  5 yaks (D:10)
  A steam dragon (D:8)
  Menkaure (D:7)
  A vampire mosquito (D:11)
  4 acid dragons
  A water moccasin (D:8)
  An ice beast (D:6)
  An orc warrior (D:9)
  A sky beast (D:7)
  A hornet zombie (D:8)
  2 ogres
  3 necrophages
  6 centaurs
  A wolf (D:11)
  2 phantoms (D:4)
  3 bullfrogs
  3 scorpions
  2 gnoll sergeants
  21 killer bees
  7 wights
  3 electric eels (D:11)
  4 howler monkeys
  A bullfrog zombie (D:5)
  4 centaur zombies
  A bullfrog skeleton (D:6)
  2 jellies
  An orc priest (D:9)
  Terence (D:2)
  2 gnoll shamans (D:5)
  10 hounds
  2 centaur skeletons
  5 iguanas
  An orc wizard (D:9)
  A hound zombie (D:5)
  A hound skeleton (D:4)
  2 howler monkey zombies
  30 gnolls
  3 adders
  A white imp (D:6)
  2 worms (D:10)
  3 dart slugs
  21 orcs
  8 endoplasms
  5 goblins
  6 hobgoblins
  17 jackals
  3 quokkas (D:1)
  4 ball pythons
  4 bats
  5 frilled lizards
  10 kobolds
  11 rats
271 creatures vanquished.

Vanquished Creatures (collateral kills)
  4 foxfires (D:1)
4 creatures vanquished.

Vanquished Creatures (others)
  1174 foxfires
  15 plants
1189 creatures vanquished.

Grand Total: 1464 creatures vanquished

Notes
Turn   | Place    | Note
-------+----------+-------------------------------------------
     0 | D:1      | oldriver the Demonspawn Fire Elementalist began the quest
                  | for the Orb.
     0 | D:1      | Reached XP level 1. HP: 13/13 MP: 3/3
   852 | D:1      | Gained mutation: You may rarely emit foul miasma when
                  | damaged in melee. [demonic ancestry]
   852 | D:1      | Reached XP level 2. HP: 19/19 MP: 1/5
  1387 | D:1      | Reached skill level 3 in Spellcasting
  1662 | D:1      | Found a faded altar of an unknown god.
  1959 | D:2      | Found a shadowy altar of Dithmenos.
  2000 | D:2      | Noticed Terence
  2008 | D:2      | Killed Terence
  2009 | D:2      | Reached XP level 3. HP: 6/24 MP: 0/8
  2435 | D:2      | Reached skill level 4 in Spellcasting
  2442 | D:2      | Gained mutation: When seriously injured, your bleeding
                  | wounds create armour. (AC +9) [demonic ancestry]
  2442 | D:2      | Reached XP level 4. HP: 28/30 MP: 6/10
  3256 | D:2      | Learned a level 2 spell: Scorch
  3260 | D:2      | Learned a level 3 spell: Conjure Flame
  3599 | D:3      | Gained mutation: When seriously injured, your bleeding
                  | wounds create thick armour. (AC +9) [demonic ancestry]
  3599 | D:3      | Reached XP level 5. HP: 35/35 MP: 2/12
  3701 | D:3      | Reached skill level 5 in Spellcasting
  3929 | D:3      | Found a transporter.
  3929 | D:3      | Noticed Sin's ghost (amateur HuCj)
  4127 | D:3      | Found a transporter.
  4836 | D:3      | Found a burning altar of Makhleb.
  4836 | D:3      | Noticed an Executioner
  4839 | D:3      | Noticed a ynoxinul
  4839 | D:3      | Noticed a neqoxec
  4978 | D:3      | Found Hyhakiqi's Distillery.
  5098 | D:3      | Reached XP level 6. HP: 42/42 MP: 1/14
  5369 | D:3      | Reached skill level 6 in Spellcasting
  6168 | D:4      | Gained mutation: You sometimes emit foul miasma when
                  | damaged in melee. [demonic ancestry]
  6168 | D:4      | Reached XP level 7. HP: 47/47 MP: 9/16
  6536 | D:4      | Reached skill level 7 in Spellcasting
  6800 | D:4      | Learned a level 4 spell: Flame Wave
  6824 | D:4      | Found an ancient bone altar of Kikubaaqudgha.
  7119 | D:4      | Found a sparkling altar of Nemelex Xobeh.
  7131 | D:4      | Found a radiant altar of Vehumet.
  7133 | D:4      | Found a snail-covered altar of Cheibriados.
  7258 | D:4      | Became a worshipper of Vehumet
  7282 | D:5      | Entered Level 5 of the Dungeon
  7451 | D:5      | Gained mutation: You regenerate a little health from kills.
                  | [demonic ancestry]
  7451 | D:5      | Reached XP level 8. HP: 53/53 MP: 12/19
  7514 | D:5      | Noticed Pikel
  7598 | D:4      | Killed Pikel
  7599 | D:4      | Reached skill level 8 in Spellcasting
  7599 | D:4      | Reached skill level 5 in Fire Magic
  7903 | D:5      | Noticed Prince Ribbit
  7906 | D:5      | Killed Prince Ribbit
  7907 | D:5      | Reached skill level 9 in Spellcasting
  8036 | D:5      | Gained mutation: You have large cloven feet. [demonic
                  | ancestry]
  8036 | D:5      | Reached XP level 9. HP: 42/58 MP: 14/22
  8160 | D:5      | Reached * piety under Vehumet
  8160 | D:5      | Offered knowledge of Freeze by Vehumet.
  8643 | D:6      | Identified the ring of Herraobojenn {Fly EV+4 Int+3 SInv}
  8694 | D:6      | Found a staircase to the Ecumenical Temple.
  8976 | D:6      | Found Humi Vys's Magic Scroll Emporium.
  9167 | D:6      | Found a runed translucent gate.
  9168 | D:6      | Found a runed translucent gate.
  9168 | D:6      | Found a runed translucent gate.
  9169 | D:6      | Found an opulent altar of Gozag.
  9709 | D:6      | Noticed Atlas's ghost (novice DgCj)
  9709 | D:6      | Noticed an unseen horror
  9820 | D:6      | Learned a level 2 spell: Passwall
 10114 | D:7      | Reached skill level 10 in Spellcasting
 10222 | D:7      | Noticed Menkaure
 10236 | D:7      | Killed Menkaure
 11094 | D:8      | Noticed Erica
 11103 | D:8      | Killed Erica
 11104 | D:8      | Reached skill level 1 in Polearms
 11160 | D:8      | Identified the +4 ring mail of Untruth {Will+ Str+4}
 11255 | D:8      | Noticed a two-headed ogre
 11258 | D:8      | Killed a two-headed ogre
 11259 | D:8      | Reached skill level 11 in Spellcasting
 11259 | D:8      | Reached XP level 10. HP: 64/64 MP: 17/25
 11835 | D:8      | Noticed Maggie
 11840 | D:8      | Killed Maggie
 12053 | D:9      | Found a shimmering altar of Xom.
 12119 | D:9      | Reached ** piety under Vehumet
 12119 | D:9      | Offered knowledge of Static Discharge by Vehumet.
 13221 | D:10     | Entered Level 10 of the Dungeon
 13562 | D:10     | Found Giwn's Jewellery Boutique.
 13630 | D:10     | Noticed a moth of wrath
 13634 | D:10     | Found a bloodstained altar of Trog.
 13673 | D:10     | Killed a moth of wrath
 13674 | D:10     | Reached skill level 12 in Spellcasting
 14223 | D:10     | Found a runed translucent gate.
 14224 | D:10     | Found a runed translucent gate.
 14225 | D:10     | Found a runed translucent gate.
 14225 | D:10     | Noticed Cancer's ghost (journeyman GrCj)
 14229 | D:10     | Noticed a gargoyle
 14293 | D:10     | Found a hazy altar of Hepliaklqana.
 14294 | D:10     | Found a shadowy altar of Dithmenos.
 14860 | D:11     | Noticed a two-headed ogre
 14870 | D:10     | Killed a two-headed ogre
 14871 | D:10     | Gained mutation: You have hoof-like feet. [demonic
                  | ancestry]
 14871 | D:10     | Reached XP level 11. HP: 49/69 MP: 15/27
 15033 | D:11     | Found a staircase to the Lair.
 15047 | D:11     | Reached skill level 13 in Spellcasting
 15463 | D:11     | Noticed a two-headed ogre
 15800 | D:11     | Noticed a boulder beetle
 15816 | D:11     | HP: 1/69 [boulder beetle (4)]
 15819 | D:11     | Killed a boulder beetle
 15995 | D:11     | Learned a level 3 spell: Stone Arrow
 16101 | D:11     | Noticed a two-headed ogre
 16107 | D:11     | Killed a two-headed ogre
 16232 | D:11     | Noticed a boulder beetle
 16268 | D:11     | Killed a boulder beetle
 16269 | D:11     | Reached skill level 1 in Fighting
 16269 | D:11     | Reached skill level 5 in Conjurations
 16558 | D:11     | Killed a two-headed ogre
 16783 | D:11     | Reached skill level 14 in Spellcasting
 16783 | D:11     | Offered knowledge of Poisonous Vapours by Vehumet.
 17428 | D:12     | Noticed a two-headed ogre
 17464 | D:12     | Noticed a catoblepas
 17464 | D:12     | Noticed a catoblepas
 18115 | D:12     | Killed a two-headed ogre
 18119 | D:12     | Gained mutation: Your magical and physical power is
                  | slightly enhanced at high health. [demonic ancestry]
 18119 | D:12     | Reached XP level 12. HP: 58/76 MP: 13/30
 18145 | D:12     | Reached *** piety under Vehumet
 18209 | D:12     | Killed a catoblepas
 18348 | D:12     | HP: 1/76 [catoblepas (11)]
 18349 | D:12     | Mangled by a catoblepas

Illustrated notes

Levels and vault maps discovered:
D:1:      ncdulo_lavacross, layout_basic, serial_bayou, serial_bayou_shore_b,
          serial_bayou_pond_d, serial_bayou_pond_c, serial_bayou_lake_a,
          hellmonk_ecumenical_altar_dog_temple, nrook_campfire,
          corexii_item_surrounded_by_moat
D:2:      layout_basic, basic_altar, serial_corexii_hall,
          corexii_hall_statues_i, corexii_hall_statues_i,
          corexii_hall_statues_l, chequers_hall_statues_wall_a, uniq_terence
D:3:      lemuel_castle_with_subvaults [lemuel_castle_interior_carwin_2],
          layout_basic, makhleb_altar_promises_db, gammafunk_ghost_mausoleum,
          serial_shops, nicolae_lakefront_shop
D:4:      layout_rooms, gammafunk_temple_overflow_claw,
          mainiacjoe_overflow_brackets, kennysheep_boxes
D:5:      layout_basic, abandoned_shop, uniq_pikel, uniq_prince_ribbit1
D:6:      layout_loops_corners, temple_doors_e, serial_shops,
          nicolae_shop_behind_doors, ebering_ghost_gozag
D:7:      layout_loops_ring, uniq_menkaure
D:8:      layout_rooms, zin_statuary, minivault_21,
          chequers_serial_rivers_small_b, uniq_erica, uniq_maggie
D:9:      layout_loops_cross, xom_butterflies, minmay_curled_crystal
D:10:     layout_roguey, riverfiend_overflow_shadow_ancestor, tgw_trog,
          gammafunk_ghost_split, serial_shops, shop
D:11:     layout_roguey, erik_lair_island, special_room [special_room_bee],
          minmay_puff
D:12:     nzn_motion_control, layout_irregular_city,
          minmay_orc_entry_temple_small

Skill      XL: |  1  2  3  4  5  6  7  8  9 10 11 |
---------------+----------------------------------+-----
Spellcasting   | 3 4 5 6 7 9 11 12 14 | 14.8
Fire Magic     | 3 4 5 7 8 9 |  9.5
Conjurations   | 2 4 5 |  5.3
Stealth        | 2 |  2.9
Polearms       | 1 |  1.2
Dodging        | 2 |  2.7
Fighting       | 1 |  1.1
Transmutations | |  0.1
Earth Magic    | |  0.1

Action                   |  1- 3 |  4- 6 |  7- 9 | 10-12 || total
-------------------------+-------+-------+-------+-------++-------
Melee: Unarmed           |     7 |    29 |       |       ||    36
       Halberd           |       |       |    10 |     6 ||    16
       Kick              |       |       |     1 |       ||     1
 Cast: Foxfire           |    83 |   222 |   203 |   255 ||   763
       Scorch            |       |     8 |    71 |   168 ||   247
       Conjure Flame     |       |       |     3 |    12 ||    15
       Passwall          |       |       |       |     2 ||     2
       Flame Wave        |       |       |       |     7 ||     7
       Stone Arrow       |       |       |       |     2 ||     2
  Use: Potion            |       |     5 |     4 |     2 ||    11
       Scroll            |       |       |     5 |     3 ||     8
 Stab: Invisible         |       |     1 |       |       ||     1
Armor: Robe              |     2 |     7 |     8 |    36 ||    53
       Skin              |       |       |     6 |       ||     6
Dodge: Dodged            |     6 |    31 |    29 |    95 ||   161

Table legend: (Time is in decaauts)
 A = Elapsed time spent in this place.
 B = Non-inter-level travel time spent in this place.
 C = Inter-level travel time spent in this place.
 D = Time resting spent in this place.
 E = Time spent auto-exploring this place.
 F = Levels seen in this place.
 G = Mean time per level.
                   A        B        C        D        E       F      G
               +--------+--------+--------+--------+--------+-----+--------+
         Total |  18404 |  17820 |    584 |   6256 |   9063 |  12 | 1533.7 |
       Dungeon |  18404 |  17820 |    584 |   6256 |   9063 |  12 | 1533.7 |
               +--------+--------+--------+--------+--------+-----+--------+

Top non-repeatable levels by time:
     D:3: 2780 daAuts
    D:11: 2450 daAuts
     D:1: 2000 daAuts
    D:10: 1818 daAuts
     D:6: 1521 daAuts
     D:2: 1388 daAuts
     D:4: 1387 daAuts
     D:9: 1241 daAuts
     D:7: 1056 daAuts
     D:8: 1026 daAuts
     D:5: 982 daAuts
    D:12: 751 daAuts
